 Dungeon Crawl Stone Soup version 0.27.1-33-g824d729ab1 (webtiles) character file.

Game seed: 6534637569112562662

2303 Ceno the Ruffian (level 9, -2/84 HPs)
             Began as a White Draconian Transmuter on Dec 15, 2021.
             Was a Follower of Hepliaklqana.
             Slain by a killer bee (3 damage)
             ... on level 7 of the Dungeon on Dec 16, 2021.
             The game lasted 00:53:23 (9292 turns).

Ceno the Ruffian (White Draconian Transmuter)       Turns: 9292, Time: 00:53:25

Health: -2/84      AC:  7    Str: 14    XL:     9   Next: 18%
Magic:  7/12       EV: 10    Int: 16    God:    Hepliaklqana [*.....]
Gold:   353        SH:  0    Dex: 11    Spells: 2/12 levels left

rFire    x . .     SeeInvis .     - Unarmed
rCold    + + +     Faith    .   (shield currently unavailable)
rNeg     . . .     Spirit   .   (armour unavailable)
rPois    +         Reflect  .   (helmet currently unavailable)
rElec    .         Harm     .   (cloak currently unavailable)
rCorr    .         Rampage  .   (gloves currently unavailable)
Will     .....                  (boots currently unavailable)
Stlth    +.........             (no amulet)
HPRegen  0.24/turn              y - ring of wizardry
MPRegen  0.13/turn              (no ring)

@: short of breath, ice-form, wereblooded
A: freezing attack, amphibious, boosted hp, reduced essence, (breathe frost), AC
+7, large, unfitting armour, (cold resistance 1), (cold-blooded)
a: End Transformation, Renounce Religion, Recall Ancestor, Ancestor Identity


You were on level 7 of the Dungeon.
You worshipped Hepliaklqana.
Hepliaklqana was aware of your devotion.
You were a creature of crystalline ice.
You visited 2 branches of the dungeon, and saw 8 of its levels.

You collected 353 gold pieces.

Inventory:

Hand Weapons
 r - a +0 hunting sling of flaming
Missiles
 a - 193 stones (quivered)
 e - 2 atropa-tipped darts
 f - 3 javelins
 o - 30 poisoned darts
 p - 2 throwing nets
Armour
 i - a +1 pair of gloves (melded)
 q - a +0 kite shield
Jewellery
 y - a ring of wizardry (left front paw)
Wands
 u - a wand of polymorph (6)
Scrolls
 c - a scroll of vulnerability {unknown}
 g - a scroll of amnesia {unknown}
 j - a scroll of summoning
 n - 3 scrolls of teleportation {unknown}
 s - a scroll of magic mapping {unknown}
 t - a scroll of fear {unknown}
 x - a scroll of immolation {unknown}
 B - a scroll of silence {unknown}
Potions
 b - 3 potions of heal wounds
 d - 3 potions of brilliance
 h - a potion of degeneration
 k - 2 potions of lignification
 l - 2 potions of flight
 m - a potion of resistance {unknown}
 v - a potion of haste {unknown}
 w - a potion of ambrosia {unknown}
 z - a potion of attraction {unknown}
 A - 2 potions of might
Miscellaneous
 C - a piece from Xom's chessboard (15/15)


   Skills:
 + Level 6.8 Fighting
 + Level 2.7 Dodging
 + Level 6.9 Unarmed Combat
 - Level 2.0 Spellcasting
 + Level 6.4 Transmutations
 - Level 5.0 Ice Magic
 - Level 3.0 Poison Magic


You had 2 spell levels left.
You knew the following spells:

 Your Spells              Type           Power      Damage    Failure   Level
a - Beastly Appendage     Tmut           44%        N/A       1%          1
b - Wereblood             Tmut           22%        N/A       1%          2
c - Spider Form           Tmut/Pois      8%         N/A       3%          3
d - Ice Form              Ice/Tmut       19%        N/A       9%          4

Your spell library contained the following spells:

 Spells                   Type           Power      Damage    Failure   Level
 Passwall                 Tmut/Erth      9%         N/A       3%          2
 Ensorcelled Hibernation  Hex/Ice        18%        N/A       4%          2
 Corona                   Hex            1%         N/A       9%          1
 Foxfire                  Conj/Fire      4%         2x1d4     9%          1
 Shock                    Conj/Air       4%         1d3       9%          1
 Call Canine Familiar     Summ           1%         N/A       24%         3
 Conjure Flame            Conj/Fire      1%         6-21      24%         3
 Inner Flame              Hex/Fire       1%         N/A       24%         3
 Portal Projectile        Hex/Tloc       2%         N/A       24%         3
 Swiftness                Air            1%         N/A       24%         3
 Tukima's Dance           Hex            1%         N/A       24%         3
 Airstrike                Air            0%         N/A       58%         4
 Leda's Liquefaction      Hex/Erth       0%         N/A       58%         4
 Invisibility             Hex            0%         N/A       100%        6


Dungeon Overview and Level Annotations

Branches:
Dungeon (7/15)             Temple (1/1) D:5

Altars:
Ashenzari
Cheibriados
Dithmenos
Elyvilon
Fedhas
Gozag
Hepliaklqana
Kikubaaqudgha
Okawaru
Qazlal
Ru
Sif Muna
Uskayaw
Vehumet
Wu Jian
Xom
Yredelemnul
Zin
The Shining One

Shops:
D:3 [   D:6 [


Innate Abilities, Weirdness & Mutations

You are a creature of crystalline ice.
You have a powerful freezing melee attack.
You are amphibious.
Your maximum health is increased.
Your armour is entirely melded.
You are incapable of wielding weapons or throwing items.
Your life essence is reduced to manifest your ancestor. (-10% HP)
((You can breathe waves of freezing cold which knock back foes.))
((Your icy white scales are hard. (AC +7)))
You cannot fit into any form of body armour.
((Your flesh is cold resistant. (rC+)))
((You are cold-blooded and may be slowed by cold attacks.))


Message History

You struggle to resist.
You punch the shadow!
You feel a bit better.
You destroy the shadow!
You howl as the wereblood boils in your veins!
You feel sick. The shadow imp barely misses you.
You closely miss the killer bee.
The killer bee is moderately wounded.
You feel sick.
Publius closely misses the killer bee.
The shadow imp closely misses you. The killer bee misses you.
The steam dragon barely misses you.
The steam dragon claws you but does no damage.
You closely miss the killer bee.
The killer bee is moderately wounded.
You feel sick. The killer bee barely misses you. The killer bee stings you.
* * * LOW HITPOINT WARNING * * *
The killer bee barely misses you.
Publius hits the killer bee.
The shadow imp closely misses you. The killer bee closely misses you.
You pummel the killer bee!! You freeze the killer bee.
You feel a bit better.
You kill the killer bee!
You feel sick. The killer bee closely misses you. The steam dragon bites you.
* * * LOW HITPOINT WARNING * * *
The steam dragon closely misses you.
Publius barely misses the killer bee.
The shadow imp completely misses you.
You hit the killer bee. You freeze the killer bee.
The killer bee is lightly wounded.
You feel sick. The killer bee stings you.
* * * LOW HITPOINT WARNING * * *
The steam dragon breathes steam at you. The ball of steam hits you!
The steam scalds you terribly!
* * * LOW HITPOINT WARNING * * *
The killer bee stings you but does no damage. x2
Publius misses the killer bee.
You barely miss the killer bee.
The killer bee is lightly wounded.
You are engulfed in a cloud of scalding steam.
* * * LOW HITPOINT WARNING * * *
You feel sick.
You are no longer poisoned.
The killer bee stings you.
You die...

..........#####
..............# ....#
..............# ..§.#
..............# ....#
.....>........####.§..#
###########......§.§#
#......R.§# #....5y§.§+
#..^.yY...#
#....D##+#.... #.....#
... +.....# . #.....#
......## ........#
........# ........#


You could see the friendly Publius the ancestor, a steam dragon (catching
breath, ally target), 2 killer bees and a shadow imp.

Vanquished Creatures
  A shadow (D:7)
  3 orc warriors
  An ice beast (D:5)
  A black bear (D:6)
  An ogre (D:5)
  A centaur (D:6)
  A necrophage (D:6)
  3 phantoms
  A scorpion (D:4)
  A gnoll sergeant (D:4)
  A water moccasin skeleton (D:6)
  A killer bee (D:7)
  A wight (D:5)
  2 bullfrog zombies
  5 hounds
  A jelly (D:5)
  A bullfrog skeleton (D:5)
  A gnoll shaman (D:6)
  4 orc priests
  Ijyb (D:4)
  3 iguanas
  4 orc wizards
  2 killer bee zombies
  A hound skeleton (D:4)
  17 gnolls
  2 adders
  An ufetubus (D:6)
  2 worms
  27 orcs
  6 bats
  2 endoplasms
  3 giant cockroaches
  7 goblins
  2 hobgoblins
  4 quokkas
  6 ball pythons
  4 frilled lizards
  5 kobolds
  6 rats
136 creatures vanquished.

Vanquished Creatures (others)
  13 fungi
  12 plants
25 creatures vanquished.

Grand Total: 161 creatures vanquished

Notes
Turn   | Place    | Note
-------+----------+-------------------------------------------
     0 | D:1      | Ceno the Draconian Transmuter began the quest for the Orb.
     0 | D:1      | Reached XP level 1. HP: 16/16 MP: 3/3
   445 | D:1      | Reached XP level 2. HP: 23/23 MP: 5/5
  1298 | D:2      | Reached skill level 1 in Poison Magic
  1666 | D:2      | Reached XP level 3. HP: 29/29 MP: 4/6
  2474 | D:3      | Learned a level 2 spell: Wereblood
  2491 | D:3      | Reached XP level 4. HP: 19/37 MP: 7/7
  2857 | D:3      | Found a faded altar of an unknown god.
  2903 | D:3      | Found Temapev's Antique Armour Shop.
  3304 | D:4      | Noticed a scorpion
  3349 | D:4      | Learned a level 3 spell: Spider Form
  3368 | D:4      | Noticed a gnoll sergeant
  3396 | D:4      | Killed a gnoll sergeant
  3397 | D:4      | Reached XP level 5. HP: 10/44 MP: 4/8
  4166 | D:4      | Reached XP level 6. HP: 42/51 MP: 7/9
  4650 | D:4      | Noticed Ijyb
  4660 | D:4      | Killed Ijyb
  5245 | D:5      | Entered Level 5 of the Dungeon
  5365 | D:5      | Reached skill level 1 in Ice Magic
  5365 | D:5      | Your scales start taking on an icy white colour.
  5365 | D:5      | Reached XP level 7. HP: 59/59 MP: 7/10
  5365 | D:5      | Gained mutation: Your flesh is cold resistant. (rC+) [White
                  | Draconian growth]
  5503 | D:5      | Reached skill level 5 in Unarmed Combat
  5905 | D:4      | HP: 1/52 [wight (8)]
  6245 | D:5      | Learned a level 4 spell: Ice Form
  6401 | D:5      | Reached skill level 5 in Fighting
  6476 | D:5      | Found a staircase to the Ecumenical Temple.
  6485 | Temple   | Entered the Ecumenical Temple
  6660 | Temple   | Became a worshipper of Hepliaklqana the Forgotten
  6874 | D:5      | Reached skill level 5 in Transmutations
  6966 | D:5      | Reached XP level 8. HP: 64/68 MP: 11/11
  7728 | D:6      | Found a hide-covered altar of Uskayaw.
  7730 | D:6      | Found an ornate altar of the Wu Jian Council.
  7732 | D:6      | Found a broken altar of Ashenzari.
  8035 | D:6      | Reached skill level 5 in Ice Magic
  8099 | D:6      | Found a blossoming altar of Fedhas.
  8102 | D:6      | Found an iron altar of Okawaru.
  8455 | D:6      | Found Bufodas's Armour Shoppe.
  8702 | D:6      | Reached XP level 9. HP: 78/78 MP: 9/12
  9009 | D:6      | Reached * piety under Hepliaklqana
  9244 | D:7      | Found a snail-covered altar of Cheibriados.
  9291 | D:7      | HP: 2/84 [steam dragon/ball of steam (16)]
  9292 | D:7      | Slain by a killer bee

Illustrated notes

Levels and vault maps discovered:
D:1:      elethiomel_arrival_infinity_welcomes_careful_drivers, layout_rooms,
          serial_corexii_hall, chequers_hall_statues_corner_a,
          corexii_hall_statues_l, chequers_hall_statues_y,
          corexii_hall_statues_i, amcnicky_mini_rare_corridor_liquid,
          serial_bayou_pond_d
D:2:      layout_basic, minmay_tetromino_l2
D:3:      layout_basic, serial_shops, shop, shapermc_ecumenical_altar_ellora,
          serial_bayou_lake_a
D:4:      layout_basic, serial_aquarium, aquarium_bridge_long_separate
          [aquarium_subvault_bridge, aquarium_subvault_wall,
          aquarium_subvault_wall, aquarium_subvault_window,
          aquarium_subvault_bridge, aquarium_subvault_balcony],
          aquarium_window_1, aquarium_window_fake, aquarium_view_2f,
          grunt_decor_cap, serial_bayou_pond_d, uniq_ijyb
D:5:      layout_loops_ring, minmay_temple_entry_mini_moons
D:6:      layout_gridville, nicolae_overflow_hidden_temple, serial_shops, shop,
          hellmonk_bongcloud_opening, grunt_ministairs_7
D:7:      layout_gridville, mainiacjoe_overflow_alcove_4, serial_shops,
          kennysheep_mini_moat
Temple:   nicolae_temple_figure_eight

Skill      XL: |  1  2  3  4  5  6  7  8 |
---------------+-------------------------+-----
Poison Magic   | 1 2 3 |  3.0
Fighting       | 2 3 4 5 6 |  6.8
Transmutations | 3 4 5 6 |  6.4
Unarmed Combat | 4 5 6 |  6.9
Ice Magic      | 1 3 5 |  5.0
Dodging        | 2 |  2.7
Spellcasting   | |  2.0

Action                   |  1- 3 |  4- 6 |  7- 9 || total
-------------------------+-------+-------+-------++-------
Melee: Unarmed           |   130 |   120 |   237 ||   487
       Tailslap          |    12 |     5 |    17 ||    34
       Kick              |    16 |    10 |    30 ||    56
       Punch             |     3 |     1 |     6 ||    10
       Headbutt          |    17 |     8 |    22 ||    47
Throw: Stone             |    39 |    25 |    36 ||   100
 Cast: Beastly Appendage |    37 |    17 |    14 ||    68
       Spider Form       |       |    12 |    19 ||    31
       Wereblood         |       |     2 |     9 ||    11
       Ice Form          |       |       |     1 ||     1
 Abil: End Transformatio |       |     1 |     1 ||     2
       Breathe Frost     |       |       |    25 ||    25
  Use: Scroll            |       |     4 |     2 ||     6
Armor: Skin              |    39 |    19 |    40 ||    98
Dodge: Dodged            |    73 |    76 |   210 ||   359
